 Dungeon Sprint DCSS version 0.31-a0-844-gdc52ec4e09 (webtiles) character file.

Game seed: 12138852782108242288

2746 sircluck the Grappler (level 9, -11/105 HPs)
             Began as a Troll Berserker on Sept 29, 2023.
             Was a High Priest of Trog.
             Mangled by a ghost moth (13 damage)
             ... while paralysed
             ... in the Dungeon (Sprint VII: "The Pits").
             The game lasted 00:02:10 (771 turns).

sircluck the Grappler (Troll Berserker)              Turns: 771, Time: 00:02:10

Health: -11/105    AC:  4    Str: 30 (31) XL:     9   Next: 41%
Magic:  0/8        EV:  1    Int:  0 (3)  God:    Trog [*****.]
Gold:   0          SH:  0    Dex:  8 (9)  Spells: 8/8 levels left

rFire   . .          .
                       - Unarmed
rCold   . . .        (no shield)
rNeg    . . .        a - +0 animal skin
rPois   .            (helmet restricted)
rElec   .            (no cloak)
rCorr   .            (gloves unavailable)
SInv    .            (boots unavailable)
Will    .....        (no amulet)
Stlth   +            (no ring)
HPRegen 1.17/turn    (no ring)
MPRegen 0.11/turn

%: no teleportation
@: paralysed, slowed, lost intelligence, unable to read
A: large, unfitting armour, claws 3, regeneration 1, shaggy fur 1, tough skin 1
a: Renounce Religion, Berserk, Trog's Hand, Brothers in Arms


You were in the Dungeon.
You worshipped Trog.
Trog was extremely pleased with you.
You visited 1 branch

Inventory:

Armour
 a - a +0 animal skin (worn)
Scrolls
 g - a scroll of blinking
Potions
 b - a potion of curing
 c - a potion of heal wounds
 d - a potion of haste
 e - 2 potions of magic
 f - a potion of berserk rage


   Skills:
 + Level 11.1 Fighting
 + Level 11.0 Dodging
 + Level 13.0 Unarmed Combat


You had 8 spell levels left.
You didn't know any spells.
Your spell library was empty.

Dungeon Overview and Level Annotations

Branches:
Dungeon (1/1)

Altars:


Innate Abilities, Weirdness & Mutations

You are too large for most types of armour.
You have claws for hands.
Your natural rate of healing is unusually fast.
You are covered in fur. (AC +1)
You have tough skin. (AC +1)


Message History

You closely miss the fire elemental.
The fire elemental is heavily damaged.
The fire elemental barely misses you.
You mangle the fire elemental!!
You destroy the fire elemental!
Trog accepts your kill.
Your Dodging skill increases to level 11!
Your Unarmed Combat skill increases to level 13!
You start resting.
HP restored.
You feel you are being watched by something.
You feel your power leaking away.
You feel you are being watched by something.
You feel your power leaking away.
A snapping turtle comes into view.
Something hits you.
You feel weakened.
Deactivating autopickup; reactivate with Ctrl-A.
Something hits you!
Something stings you but does no damage.
Something hits you!! Something hits you. Something stings you!
You feel dopey.
You barely miss something. Something hits you.
You feel dopey. Something hits you!
Something stings you but does no damage.
You mangle something!! Something hits you!
* * * LOW HITPOINT WARNING * * *
You feel clumsy. Something hits you!
* * * LOW HITPOINT WARNING * * *
Something stings you.
* * * LOW HITPOINT WARNING * * *
You completely miss something.
You feel you are being watched by something.
Something hits you but does no damage. Something hits you!
* * * LOW HITPOINT WARNING * * *
You feel dopey.
You have lost your intelligence.
Something stings you!
You die...

########################
........................
................@{.t....
############++##########


You could see a snapping turtle.

Vanquished Creatures
  A lindwurm (D)
  A deep elf zephyrmancer (D)
  A black mamba (D)
  A red devil (D)
  A hellwing (D)
  A shadow (D)
  A spriggan (D)
  A large abomination (D)
  2 wyverns (D)
  A fire elemental (D)
  A wolf (D)
  A crimson imp (D)
  An orc priest (D)
  A gnoll bouda (D)
  2 orc wizards (D)
  4 gnolls (D)
  An orc (D)
  An endoplasm (D)
  A hobgoblin (D)
24 creatures vanquished.

Notes
Turn   | Place    | Note
-------+----------+-------------------------------------------
     0 | D        | sircluck the Troll Berserker began the quest for the Orb.
     0 | D        | Reached XP level 1. HP: 22/22 MP: 0/0
    16 | D        | Noticed a crimson imp
    16 | D        | Noticed a wyvern
    16 | D        | Noticed a hellwing
    22 | D        | Killed a wyvern
    23 | D        | Reached skill level 5 in Fighting
    23 | D        | Reached skill level 5 in Dodging
    23 | D        | Reached skill level 6 in Unarmed Combat
    23 | D        | Reached XP level 2. HP: 35/35 MP: 1/1
    23 | D        | Reached XP level 3. HP: 42/42 MP: 2/2
    23 | D        | Reached XP level 4. HP: 50/50 MP: 3/3
    23 | D        | Reached XP level 5. HP: 57/57 MP: 4/4
    38 | D        | Killed a hellwing
    39 | D        | Reached skill level 8 in Unarmed Combat
    39 | D        | Reached XP level 6. HP: 69/71 MP: 5/5
    40 | D        | Reached ** piety under Trog
   181 | D        | Noticed a black mamba
   185 | D        | Killed a black mamba
   186 | D        | Reached skill level 9 in Unarmed Combat
   186 | D        | Reached XP level 7. HP: 72/81 MP: 6/6
   237 | D        | Noticed a spriggan
   242 | D        | Killed a spriggan
   243 | D        | Reached skill level 10 in Unarmed Combat
   298 | D        | Noticed a red devil
   314 | D        | Killed a red devil
   314 | D        | Reached *** piety under Trog
   315 | D        | Reached XP level 8. HP: 75/92 MP: 7/7
   379 | D        | Noticed a lindwurm
   394 | D        | Killed a lindwurm
   395 | D        | Reached skill level 11 in Unarmed Combat
   398 | D        | Reached **** piety under Trog
   402 | D        | Reached skill level 10 in Fighting
   529 | D        | Reached ***** piety under Trog
   565 | D        | Received a gift from Trog
   566 | D        | Reached skill level 10 in Dodging
   571 | D        | Noticed a deep elf zephyrmancer
   571 | D        | Noticed a large abomination
   576 | D        | Reached skill level 12 in Unarmed Combat
   581 | D        | Killed a large abomination
   582 | D        | Reached XP level 9. HP: 102/102 MP: 8/8
   587 | D        | Killed a deep elf zephyrmancer
   707 | D        | Reached skill level 13 in Unarmed Combat
   771 | D        | HP: 2/105 [something (12)]
   771 | D        | Lost intelligence.
   771 | D        | Mangled by a ghost moth

Illustrated notes

Levels and vault maps discovered:
D:        pitsprint [storerooms_1, entrance_room_1, metal_vault_5, armoury_2,
          mini_pit_1, grid_room_1, main_hall_1, silver_pit, the_coven_2,
          the_vestibule_1, steel_vault_3, golden_pit, hallway_of_sentries,
          crystal_vault_6, iron_vault_2, final_vault]

Skill      XL: |  1  2  3  4  5  6  7  8  9 |
---------------+----------------------------+-----
Fighting       | 5 7 8 9 10 11 | 11.1
Dodging        | 5 6 8 9 10 11 | 11.0
Unarmed Combat | 6 8 9 10 12 13 | 13.0

Action                     |  1- 3 |  4- 6 |  7- 9 || total
---------------------------+-------+-------+-------++-------
  Melee: Unarmed           |     3 |    20 |    60 ||    83
         Punch             |       |       |     2 ||     2
 Invoke: Berserk           |     1 |     1 |     4 ||     6
 Armour: Animal skin       |     1 |     8 |    52 ||    61
  Dodge: Dodged            |     2 |    10 |    23 ||    35

Table legend: (Time is in decaauts)
 A = Elapsed time spent in this place.
 B = Non-inter-level travel time spent in this place.
 C = Inter-level travel time spent in this place.
 D = Time resting spent in this place.
 E = Time spent auto-exploring this place.
 F = Levels seen in this place.
 G = Mean time per level.
                   A        B        C        D        E       F      G
               +--------+--------+--------+--------+--------+-----+--------+
         Total |    813 |    813 |      0 |    538 |     16 |   1 |  813.0 |
       Dungeon |    813 |    813 |      0 |    538 |     16 |   1 |  813.0 |
               +--------+--------+--------+--------+--------+-----+--------+

Top non-repeatable levels by time:
       D: 813 daAuts
